 Dungeon Crawl Stone Soup version 0.18.1-8-gdd0e5ea (webtiles) character file.

635882 Loading the Shatterer (level 27, -4/186 HPs)
             Began as a Gargoyle Gladiator on May 18, 2016.
             Was an Elder of Qazlal.
             Blown up by an eye of devastation (13 damage)
             ... with a bolt of energy
             ... on level 6 of the Pits of Slime on May 22, 2016.
             The game lasted 04:02:28 (58485 turns).

Loading the Shatterer (Gargoyle Gladiator)         Turns: 58485, Time: 04:02:31

Health: -4/186     AC: 54    Str: 22    XL:     27
Magic:  24/34      EV:  8    Int:  6    God:    Qazlal [****..]
Gold:   4283       SH: 42    Dex: 19    Spells: 0 memorised, 26 levels left

rFire  . . .     SeeInvis .     M - +7 eveningstar of Crusades {speed, *Confuse +Inv rN+}
rCold  + + .     Gourm    .     z - +8 crystal plate armour
rNeg   + + +     Faith    .     Y - +6 large shield of Ignorance {rN+ AC+2 EV+2 Int-6 *Curse}
rPois  ∞         Spirit   .     C - +2 hat
rElec  +         Dismiss  .     H - +0 cloak of the Elven Halls {rC+ Int+2}
rCorr  +         Reflect  +     m - +2 pair of gloves "Sommikao" {rC+}
SustAt .         Harm     .     Z - +2 pair of boots {run}
MR     ++...                    D - brooch of Shielding {Reflect SH+8}
Stlth  ..........               U - ring of resist corrosion
                                J - +3 ring of slaying

@: corroded, flying, studying Polearms, repel missiles, quick, very resistant to
hostile enchantments, extremely unstealthy
A: antennae 1, big wings, blurry vision 1, deformed body, low mp 1, negative
energy resistance 1, electricity resistance, unbreathing, petrification
resistance, rot immunity, MP-powered wands, AC +20
a: Stop Flying, Upheaval, Elemental Force, Renounce Religion, Evoke Invisibility
}: 4/15 runes: decaying, serpentine, silver, abyssal


You were on level 6 of the Pits of Slime.
You worshipped Qazlal.
Qazlal was greatly pleased with you.
You were not hungry.

You visited 10 branches of the dungeon, and saw 55 of its levels.
You visited the Abyss 5 times.
You also visited: Labyrinth, Ice Cave and Volcano.

You collected 7407 gold pieces.
You spent 3124 gold pieces at shops.

Inventory:

Hand Weapons
 y - the +0 great mace of an ossuary {speed, rN+++ MR+ MP-9 Int-3}
   (You found it on level 5 of the Depths)

   Attacks with this weapon are significantly faster.
   It affects your intelligence (-3).
   It renders you almost immune to negative energy.
   It affects your resistance to hostile enchantments.
   It affects your magic capacity (-9).
 M - the +7 eveningstar of Crusades (weapon) {speed, *Confuse +Inv rN+}
   (You acquired it on level 3 of the Lair of Beasts)

   Attacks with this weapon are significantly faster.
   It protects you from negative energy.
   It lets you turn invisible.
   It may confuse you when you take damage.
Armour
 m - the +2 pair of gloves "Sommikao" (worn) {rC+}
   (You acquired it on level 3 of the Snake Pit)

   It protects you from cold.
 z - a +8 crystal plate armour (worn)
 C - a +2 hat (worn)
 H - the +0 cloak of the Elven Halls (worn) {rC+ Int+2}
   (You acquired it on level 15 of the Dungeon)

   It affects your intelligence (+2).
   It protects you from cold.
 Q - the +10 plate armour of Ratsoim {+Inv Regen+ rCorr Dex+2}
   (You took it off a minotaur in a labyrinth)

   It affects your dexterity (+2).
   It lets you turn invisible.
   It increases your rate of regeneration.
   It protects you from acid and corrosion.
 Y - the +6 large shield of Ignorance (worn) {rN+ AC+2 EV+2 Int-6 *Curse}
   (You found it in a labyrinth)

   It affects your AC (+2).
   It affects your evasion (+2).
   It affects your intelligence (-6).
   It protects you from negative energy.
   It may re-curse itself when equipped.
 Z - a +2 pair of boots of running (worn)
Jewellery
 g - the amulet of the Air {Inacc +Fly rElec EV+5 RMsl}
   (You found it on level 5 of the Vaults)

   [amulet of inaccuracy]

   It reduces the accuracy of all your attacks.
   It affects your evasion (+5).
   It insulates you from electricity.
   It lets you fly.
   It protects you from missiles.
 o - a +6 ring of dexterity
 v - an uncursed amulet of guardian spirit
 A - a +6 ring of protection
 D - the brooch of Shielding (around neck) {Reflect SH+8}
   (You bought it in a shop on level 2 of the Elven Halls)

   [amulet of reflection]

   It shields you and reflects attacks.
   It affects your SH (+8).
 G - an uncursed ring of sustain attributes
 J - a +3 ring of slaying (left hand)
 O - an uncursed ring of see invisible
 U - a ring of resist corrosion (right hand)
Scrolls
 a - 3 scrolls of magic mapping
 e - a scroll of amnesia
 h - 23 scrolls of teleportation
 i - 4 scrolls of summoning
 j - 14 scrolls of fog
 r - 28 scrolls of remove curse
 t - 4 scrolls of immolation
 u - 3 scrolls of fear
 x - 2 scrolls of recharging
 K - a scroll of blinking
 L - 2 scrolls of identify
 P - 2 scrolls of holy word
 S - 5 scrolls of enchant weapon
Potions
 c - 3 potions of might
 d - 7 potions of haste
 k - 17 potions of curing
 l - 13 potions of lignification
 n - a potion of cancellation
 s - 7 potions of cure mutation
 E - 4 potions of agility
 F - 8 potions of magic
 I - 2 potions of ambrosia
 T - 2 potions of brilliance
 X - 6 potions of berserk rage
Books
 w - a manual of Polearms
Comestibles
 b - 3 fruits
 f - 11 bread rations
 p - 22 meat rations


   Skills:
 + Level 22.8 Fighting
 * Level 26.0 Maces & Flails
 - Level 1.7 Throwing
 + Level 20.8 Armour
 - Level 2.4 Dodging
 + Level 19.1 Shields
 * Level 23.6 Invocations


You had 26 spell levels left.
You didn't know any spells.

Dungeon Overview and Level Annotations

Branches:
Dungeon (15/15)            Temple (0/1) D:5            Lair (8/8) D:8
  Swamp (4/4) Lair:5        Snake (4/4) Lair:5        Slime (6/6) Lair:6
    Orc (2/2) D:10            Elf (3/3) Orc:2        Vaults (5/5) D:13
  Crypt (3/3) Vaults:2       Tomb (0/3) Crypt:3      Depths (5/5) D:15
    Zot (0/5) Depths:5

Altars:
Ashenzari
Cheibriados
Dithmenos
Elyvilon
Fedhas
Gozag
Kikubaaqudgha
Makhleb
Nemelex Xobeh
Okawaru
Pakellas
Qazlal
Sif Muna
Trog
Vehumet
Xom
Yredelemnul
Zin
The Shining One
Jiyva

Shops:
Orc:2 }*=[   Elf:2 =   Elf:3 :   Vaults:1 [   Vaults:3 [!**   Vaults:5 [

Portals:
Hell: Lair:8 Depths:1 Depths:2 Depths:3 Depths:4 Depths:5
Abyss: Depths:3 Depths:4 Depths:5
Pandemonium: Depths:3 Depths:4
Ziggurat: Depths:5


Innate Abilities, Weirdness & Mutations

You are resistant to torment.
Your stone body is resilient (AC +20).
You are immune to poison.
Your large and strong wings let you fly indefinitely.
You resist negative energy.
You are resistant to electric shocks.
You can survive without breathing.
You are immune to petrification.
You are immune to rotting.
You have a pair of small antennae on your head.
Scrolls take you a little longer to read.
Armour fits poorly on your strangely shaped body.
Your magical capacity is low (-10% MP).
You expend magic power (3 MP) to strengthen your wands.


Message History

The acid blob is almost dead.
You hit the acid blob.
Your hands burn!
* * * LOW HITPOINT WARNING * * *
The acid blob is almost dead.
You block the jelly's attack. The acid blob spits acid at you.
The splash of acid hits you!
The acid burns!
You resist.
* * * LOW HITPOINT WARNING * * *
You bludgeon the acid blob!!
You kill the acid blob!
Qazlal accepts your kill. You block the jelly's attack.
A giant eyeball comes into view.
The giant eyeball turns its gaze towards you.
The giant eyeball's stare focuses on you.
The eye of devastation gazes at you.
The bolt of energy hits the jelly.
The jelly is blown up!
The bolt of energy hits you!
You die...

..... ..... ......
......
######..<...
##...........
#.....§....G.
###..§.@.......
####....§§........
#..###...§........
#.....§...........
#.#...............
##......G.........
#.................
##................
##................


You could see an eye of devastation and a giant eyeball.

Vanquished Creatures
  Dissolution (Slime:5)
  the Royal Jelly (Slime:6)
  Khufu (Crypt:1)
  2 ancient liches
  A juggernaut (Depths:4)
  3 greater mummies (Crypt:1)
  Boris (Crypt:2)
  Margery (Crypt:1)
  Vashnia (Snake:4)
  Norris (Vaults:2)
  the Lernaean hydra (Swamp:4)
  Saint Roka (Vaults:4)
  Frederick (Vaults:4)
  2 golden dragons
  Nikola (Swamp:4)
  Xtahua (Vaults:4)
  2 bone dragons
  the Enchantress (Depths:3)
  4 liches
  Rupert (Lair:3)
  5 tentacled monstrosities
  Asterion (Depths:3)
  A deep elf blademaster (Elf:3)
  6 titans (Vaults:5)
  An Executioner (Abyss:3)
  2 deep elf master archers (Elf:3)
  15 acid blobs (Slime:6)
  Frances (Swamp:2)
  7 sphinxes
  6 thorn hunters
  4 tentacled starspawn (Abyss:3)
  The ghost of CrazyArbalest the Sniper, an adept MiHu of Okawaru (Snake:2)
  4 shadow dragons
  A tengu reaver (Vaults:5)
  3 ancient champions (Crypt:2)
  6 storm dragons
  12 greater nagas
  Roxanne (D:15)
  Wiglaf (Vaults:2)
  A daeva (Abyss:2)
  3 azure jellies (Slime:6)
  8 deep elf sorcerers
  10 frost giants
  8 fire giants
  Maud (Lair:3)
  A draconian knight (Depths:5)
  10 vault wardens
  Aizul (Elf:3)
  Louise (Depths:4)
  2 angels (Depths:2)
  22 ironheart preservers
  4 ghouls (Crypt:2)
  17 stone giants
  8 deep elf elementalists
  5 war gargoyles
  2 reapers
  21 very ugly things
  A stone giant (shapeshifter) (Elf:3)
  A draconian caller (Depths:5)
  7 vampire knights
  A green draconian (Depths:5)
  12 deep elf demonologists
  A black draconian (Depths:5)
  The ghost of ilikecats the Unseen, a journeyman SpEn of Okawaru (Swamp:1)
  2 spark wasps (Depths:1)
  11 deep elf annihilators
  3 mottled draconians
  A red draconian (Depths:4)
  Azrael (D:14)
  2 dire elephants
  5 salamander stormcallers
  4 eidola
  2 white draconians
  4 crystal guardians
  The ghost of epen the Cleaver, a journeyman MiFi of Qazlal (Lair:3)
  Snorg (Orc:1)
  A merfolk javelineer (Depths:3)
  9 death oozes (Slime:6)
  12 ettins
  9 fire dragons
  15 jiangshi
  6 deep elf death magi
  17 yaktaur captains
  26 vault guards
  6 deep elf high priests
  6 great orbs of eyes
  19 naga warriors
  18 ogre magi
  A minotaur (Lab)
  An entropy weaver (Depths:1)
  24 hydras
  8 ice dragons
  A ghost crab (Swamp:2)
  3 rakshasas (Depths:3)
  Erolcha (D:11)
  7 alligators
  8 centaur warriors
  5 spriggan air magi
  12 anacondas
  13 death yaks
  The ghost of no0bjke the Fighter, a journeyman GrBe of Trog (IceCv)
  5 deep troll shamans
  A satyr (shapeshifter) (Depths:4)
  32 dancing weapons
  3 death knights
  2 satyrs (Depths:3)
  4 orc high priests (Orc:2)
  10 vampire magi
  8 tengu warriors
  4 hell hogs
  Urug (Lair:2)
  9 deep troll earth magi
  5 shock serpents
  6 naga sharpshooters
  2 thrashing horrors (Abyss:2)
  3 spriggan berserkers
  2 storm dragon zombies
  23 deep elf knights
  23 hell knights
  5 sun demons
  6 wretched stars
  2 iron trolls (Depths:1)
  Sonja (D:10)
  A soul eater (Crypt:1)
  A storm dragon skeleton (Vaults:4)
  3 fire crabs
  10 swamp dragons
  3 sea snakes (Snake:3)
  6 shadow wraiths
  2 golden dragon zombies
  5 salamander mystics
  37 skeletal warriors
  A ghost moth zombie (Crypt:1)
  6 flayed ghosts
  A sea snake (shapeshifter) (Depths:4)
  A deep troll (shapeshifter) (Vaults:1)
  10 naga ritualists
  A spatial maelstrom (Abyss:3)
  A shadow dragon zombie (Crypt:2)
  3 unseen horrors
  15 starcursed masses (Abyss:3)
  A giant orange brain (shapeshifter) (Depths:3)
  16 deep elf archers
  4 giant orange brains
  A shadow demon (Depths:4)
  A spriggan druid (Swamp:3)
  A shambling mangrove (Swamp:3)
  21 ironbrand convokers
  39 deep trolls
  12 hill giants
  5 harpies
  20 necromancers
  9 phantasmal warriors
  A golden dragon skeleton (Crypt:2)
  A tengu skeleton (Vaults:2)
  13 orc knights
  A wizard (Lair:8)
  66 deep elf magi
  An iron dragon skeleton (Crypt:3)
  A faun (shapeshifter) (Vaults:2)
  11 griffons
  13 mana vipers
  5 orc sorcerers
  A fire giant zombie (Vaults:3)
  A wolf spider (shapeshifter) (Vaults:3)
  10 salamanders
  4 fauns (Depths:3)
  2 manticores
  A sphinx skeleton (Vaults:2)
  31 ugly things
  9 oklob plants
  2 cyclopes (shapeshifter)
  2 worldbinders (Abyss:3)
  2 moths of wrath (shapeshifter)
  6 hornets
  6 cyclopes
  A shadow dragon skeleton (Crypt:3)
  An elephant (shapeshifter) (Vaults:2)
  4 wolf spiders
  A shining eye (shapeshifter) (Depths:3)
  12 elephants
  3 sixfirhies
  An octopode (shapeshifter) (Vaults:4)
  7 human skeletons
  2 fire giant skeletons
  A stone giant skeleton (Vaults:5)
  2 black mambas (shapeshifter)
  An ice statue (IceCv)
  5 frost giant skeletons
  A rust devil (Depths:4)
  38 black mambas
  6 orange demons
  13 vault sentinels
  2 water nymphs (Depths:3)
  2 eyes of devastation
  15 naga magi
  5 smoke demons
  A dire elephant skeleton (Crypt:3)
  10 guardian serpents
  A spiny frog (shapeshifter) (Vaults:1)
  27 spiny frogs
  A torpor snail (Lair:6)
  Psyche (D:8)
  4 gargoyles (Lab)
  A shock serpent skeleton (Crypt:3)
  An efreet (D:14)
  2 kobold demonologists (D:14)
  A komodo dragon (shapeshifter) (Depths:4)
  A hellwing (Lair:8)
  7 freezing wraiths
  12 komodo dragons
  An emperor scorpion zombie (Crypt:2)
  A green draconian skeleton (Crypt:1)
  33 yaktaurs
  2 rime drakes
  3 ice devils
  8 ancient zymes
  A spriggan skeleton (Depths:2)
  5 tengu conjurers
  A troll (shapeshifter) (Abyss:3)
  2 red devils (Lair:8)
  A purple draconian skeleton (Crypt:1)
  10 trolls
  A yaktaur skeleton (Vaults:5)
  13 polar bears (IceCv)
  A two-headed ogre (shapeshifter) (Depths:4)
  Grinder (D:5)
  18 blink frogs
  4 boulder beetles
  A hornet zombie (Crypt:1)
  19 two-headed ogres
  14 raiju
  A stone giant simulacrum (Vaults:4)
  2 ettin zombies
  7 giant leeches
  87 slime creatures
  A frost giant simulacrum (Depths:2)
  A fire dragon zombie (Crypt:3)
  A jumping spider zombie (Crypt:2)
  9 bog bodies
  Sigmund (D:2)
  A black mamba zombie (Abyss:3)
  10 wraiths
  9 air elementals
  2 ettin skeletons
  2 fire dragon skeletons (Crypt:3)
  4 redbacks (Depths:1)
  15 water elementals
  4 ynoxinuls
  45 yaks
  47 flying skulls
  An ice dragon skeleton (Crypt:3)
  2 spriggans
  2 wyverns
  5 shadows
  3 fire bats (Volcano)
  A wyvern (shapeshifter) (Vaults:5)
  A vampire (Abyss:3)
  7 fire elementals
  A neqoxec (Abyss:3)
  5 chaos spawn
  16 humans
  7 golden eyes
  12 hippogriffs
  3 hungry ghosts
  A steam dragon (shapeshifter) (Vaults:3)
  A steam dragon (D:9)
  A hippogriff (shapeshifter) (Vaults:3)
  12 small abominations
  6 wargs
  Grum (D:11)
  3 mottled dragons
  36 vampire mosquitoes
  A glowing shapeshifter zombie (Crypt:1)
  A soldier ant (shapeshifter) (Vaults:4)
  18 swamp worms
  10 large abominations
  A merfolk zombie (Crypt:2)
  47 nagas
  10 porcupines
  A soldier ant (D:12)
  A harpy simulacrum (Abyss:3)
  21 water moccasins
  18 insubstantial wisps
  17 hell hounds
  An infernal demonspawn skeleton (Crypt:1)
  A sky beast (shapeshifter) (Elf:1)
  A deep troll skeleton (Vaults:2)
  3 phantoms
  11 swamp drakes
  A black bear (D:4)
  37 orc warriors
  3 eyes of draining
  An eye of draining (shapeshifter) (Depths:4)
  7 sky beasts
  A blink frog zombie (Crypt:2)
  3 ice beasts
  2 wasps
  5 necrophages
  A swamp dragon zombie (Crypt:3)
  2 human zombies (Vaults:1)
  15 centaurs
  53 ogres
  15 wolves
  2 boggarts (Depths:3)
  A tengu (shapeshifter) (Vaults:5)
  An elf skeleton (Vaults:2)
  18 crocodiles
  A blink frog skeleton (Crypt:1)
  An elf zombie (Crypt:3)
  4 big kobolds
  A wyvern zombie (D:8)
  20 giant frogs
  4 earth elementals
  A gnoll sergeant (D:10)
  A salamander skeleton (Crypt:2)
  4 scorpions
  A wyvern skeleton (D:12)
  4 human simulacra
  13 killer bees
  An orc simulacrum (Vaults:1)
  8 wights
  13 jellies
  A howler monkey (D:5)
  11 lava snakes
  12 crimson imps
  3 centaur zombies
  Crazy Yiuf (D:4)
  4 quasits
  2 giant frog zombies
  11 hounds
  27 orc priests
  2 gnoll shamans
  33 orc wizards
  2 iron imps
  Jessica (D:3)
  A giant frog skeleton (D:11)
  14 iguanas
  Terence (D:2)
  11 worker ants
  12 sheep
  A demigod zombie (Crypt:1)
  A hound zombie (D:5)
  Robin (D:2)
  3 hound skeletons
  A howler monkey zombie (Crypt:1)
  A worker ant zombie (D:11)
  24 gnolls
  A howler monkey skeleton (D:6)
  8 adders
  41 river rats
  A river rat (shapeshifter) (Vaults:5)
  5 shadow imps
  15 white imps
  An ufetubus (Abyss:2)
  An ooze (D:3)
  3 adder zombies
  2 adder skeletons
  5 worms
  2 dart slugs
  8 giant geckos
  101 orcs
  11 giant cockroaches
  14 hobgoblins
  16 jackals
  7 quokkas
  2 ball pythons
  9 bats
  5 giant newts
  11 goblins
  A jackal zombie (D:8)
  12 kobolds
  A quokka skeleton (D:5)
  A quokka zombie (D:9)
  8 rats
  11 briar patches (Depths:3)
  3 bushes
  2 crawling corpses (Elf:3)
  A demonic plant (Abyss:3)
  67 fungi
  2 lost souls
  106 plants
  3 starspawn tentacles (Abyss:3)
2890 creatures vanquished.

Vanquished Creatures (collateral kills)
  An adder zombie (D:6)
  An orc (D:6)
2 creatures vanquished.

Vanquished Creatures (others)
  Jorgrun (Swamp:2)
  A storm dragon (Depths:4)
  A frost giant (Vaults:5)
  A vault warden (Vaults:5)
  A deep elf elementalist (Elf:3)
  3 stone giants
  Nessos (D:13)
  A great orb of eyes (Abyss:3)
  A vault guard (Vaults:5)
  5 yaktaur captains
  2 satyrs (Depths:3)
  A satyr (shapeshifter) (Vaults:5)
  A shock serpent (Snake:4)
  4 naga sharpshooters
  A deep elf knight (Vaults:5)
  An unseen horror (D:13)
  6 deep elf archers
  6 deep elf magi
  2 cyclopes
  A hornet (Swamp:4)
  A salamander (Snake:2)
  A faun (Depths:3)
  A smoke demon (Abyss:2)
  17 yaktaurs
  An ancient zyme (Abyss:3)
  3 polar bears (IceCv)
  A two-headed ogre (Vaults:1)
  A bog body (Swamp:4)
  2 blink frogs (Abyss:3)
  A water elemental (Elf:2)
  A spriggan (Swamp:2)
  A yak (IceCv)
  A ynoxinul (Abyss:3)
  A warg (Vaults:4)
  3 insubstantial wisps (Swamp:2)
  3 swamp drakes
  A wasp (Swamp:2)
  An ogre (Depths:1)
  A boggart (Depths:3)
  5 centaurs
  A crocodile (Lair:8)
  A giant frog (D:14)
  2 jellies
  2 orc wizards
  An orc (Vaults:4)
  A kobold (D:14)
  5 briar patches
  30 fungi
  8 lost souls
  A lurking horror (Abyss:2)
  54 plants
  5 starspawn tentacles (Abyss:3)
  71 starspawn tentacle segments (Abyss:3)
270 creatures vanquished.

Grand Total: 3162 creatures vanquished

Notes
Turn   | Place    | Note
--------------------------------------------------------------
     0 | D:1      | Loading the Gargoyle Gladiator began the quest for the Orb.
     0 | D:1      | Reached XP level 1. HP: 12/12 MP: 1/1
   302 | D:1      | Reached XP level 2. HP: 17/17 MP: 2/2
   553 | D:1      | Reached skill level 1 in Armour
   784 | D:2      | Noticed Terence
   807 | D:2      | Killed Terence
   807 | D:2      | Reached XP level 3. HP: 14/22 MP: 3/3
   861 | D:2      | Reached skill level 4 in Maces & Flails
   893 | D:2      | Noticed Sigmund
   907 | D:2      | Killed Sigmund
   907 | D:2      | Reached skill level 5 in Maces & Flails
   907 | D:2      | Reached XP level 4. HP: 2/28 MP: 4/4
   907 | D:2      | Reached XP level 5. HP: 3/32 MP: 5/5
  1198 | D:2      | Reached XP level 6. HP: 20/38 MP: 6/6
  1512 | D:2      | Noticed Robin
  1547 | D:2      | Killed Robin
  1618 | D:2      | Found a stormy altar of Qazlal.
  1627 | D:2      | Became a worshipper of Qazlal Stormbringer
  1940 | D:2      | Found a shadowy altar of Dithmenos.
  2079 | D:2      | Found a burning altar of Makhleb.
  2273 | D:2      | Reached * piety under Qazlal
  2444 | D:3      | Reached XP level 7. HP: 37/43 MP: 7/7
  2571 | D:3      | Noticed Jessica
  2597 | D:3      | Killed Jessica
  2597 | D:3      | Reached skill level 6 in Maces & Flails
  3029 | D:3      | Found an opulent altar of Gozag.
  3174 | D:3      | Found a snail-covered altar of Cheibriados.
  3282 | D:3      | Found a sparkling altar of Nemelex Xobeh.
  3296 | D:3      | Reached ** piety under Qazlal
  3457 | D:4      | Noticed Crazy Yiuf
  3462 | D:4      | Killed Crazy Yiuf
  4106 | D:4      | Found a white marble altar of Elyvilon.
  4502 | D:4      | Reached skill level 5 in Fighting
  4502 | D:4      | Reached XP level 8. HP: 32/49 MP: 8/8
  4675 | D:5      | Entered Level 5 of the Dungeon
  4724 | D:5      | Reached skill level 7 in Maces & Flails
  4737 | D:5      | Found an ancient bone altar of Kikubaaqudgha.
  4819 | D:5      | Noticed Grinder
  4828 | D:5      | Killed Grinder
  4828 | D:5      | Reached skill level 5 in Armour
  5013 | D:5      | Found a staircase to the Ecumenical Temple.
  5225 | D:5      | Found a shimmering altar of Xom.
  5330 | D:5      | Reached skill level 8 in Maces & Flails
  5641 | D:6      | Reached XP level 9. HP: 55/55 MP: 9/9
  5653 | D:6      | Reached *** piety under Qazlal
  5838 | D:6      | Found a glowing golden altar of the Shining One.
  5862 | D:6      | Reached skill level 9 in Maces & Flails
  7201 | D:7      | Reached skill level 10 in Maces & Flails
  7253 | D:7      | Got an encrusted flail
  7254 | D:7      | Identified the +7 flail of Misery {flame, Int+3 Dex+3} (You found it on level 7 of the Dungeon)
  7597 | D:7      | Reached XP level 10. HP: 62/64 MP: 10/10
  7892 | D:8      | Found a radiant altar of Vehumet.
  7905 | D:8      | Found a staircase to the Lair.
  8022 | D:8      | Noticed Psyche
  8043 | D:8      | Killed Psyche
  8864 | Lair:1   | Entered Level 1 of the Lair of Beasts
  8874 | Lair:1   | Reached skill level 11 in Maces & Flails
  8952 | Lair:1   | Noticed a spiny frog
  8958 | Lair:1   | Killed a spiny frog
  9071 | Lair:1   | Reached XP level 11. HP: 39/71 MP: 11/11
  9134 | Lair:1   | Reached skill level 12 in Maces & Flails
  9144 | Lair:1   | Reached **** piety under Qazlal
  9905 | Lair:2   | Noticed Urug
  9919 | Lair:2   | Killed Urug
  9919 | Lair:2   | Reached skill level 10 in Fighting
 10020 | Lair:2   | Got an opal-encrusted chain mail
 10071 | Lair:2   | Identified the +8 chain mail of Pakellas's Hatred {MP+9 Stlth+} (You found it on level 2 of the Lair of Beasts)
 10159 | Lair:2   | Reached skill level 10 in Armour
 10165 | Lair:2   | Reached skill level 13 in Maces & Flails
 10881 | Lair:3   | Noticed a five-headed hydra
 10890 | Lair:3   | Killed a five-headed hydra
 10894 | Lair:3   | Reached XP level 12. HP: 36/78 MP: 12/12
 10910 | Lair:3   | Noticed an eight-headed hydra
 10910 | Lair:3   | Noticed Maud
 10917 | Lair:3   | Found a labyrinth entrance.
 10926 | Lab      | Entered a labyrinth
 12110 | Lab      | Noticed a minotaur
 12127 | Lab      | Killed a minotaur
 12132 | Lab      | Got a jewelled plate armour
 12142 | Lab      | Identified the Guide on Transformation and the Volcanoes
 12142 | Lab      | Identified the Catalogue of the Sinister Volcanoes
 12165 | Lab      | Identified a +1 pair of boots of running (You found it in a labyrinth)
 12176 | Lab      | Identified the +10 plate armour of Ratsoim {+Inv Regen+ rCorr Dex+2} (You took it off a minotaur in a labyrinth)
 12212 | Lair:3   | Killed Maud
 12218 | Lair:3   | Killed an eight-headed hydra
 12218 | Lair:3   | Reached skill level 14 in Maces & Flails
 12275 | Lair:3   | Noticed Rupert
 12291 | Lair:3   | Killed Rupert
 12365 | Lair:3   | Noticed epen's ghost (journeyman MiFi)
 12378 | Lair:3   | Killed epen's ghost
 12642 | Lair:3   | Noticed a five-headed hydra
 12652 | Lair:3   | Killed a five-headed hydra
 12866 | Lair:3   | Identified 3 scrolls of acquirement
 12869 | Lair:3   | Got a translucent eveningstar
 12870 | Lair:3   | Identified the +7 eveningstar of Crusades {speed, *Confuse +Inv rN+} (You acquired it on level 3 of the Lair of Beasts)
 12952 | Lair:4   | Reached skill level 1 in Shields
 13262 | Lair:4   | Noticed an eight-headed hydra
 13270 | Lair:4   | Reached XP level 13. HP: 77/85 MP: 13/13
 13937 | Lair:5   | Reached skill level 15 in Maces & Flails
 13983 | Lair:5   | Found a staircase to the Snake Pit.
 14046 | Lair:5   | Found a staircase to the Swamp.
 14076 | Lair:5   | Reached ***** piety under Qazlal
 14127 | Lair:5   | Found a frozen archway.
 14160 | IceCv    | Entered an ice cave
 14682 | IceCv    | Noticed no0bjke's ghost (journeyman GrBe)
 14708 | IceCv    | Killed no0bjke's ghost
 14750 | IceCv    | Noticed a frost giant
 14758 | IceCv    | Killed a frost giant
 14827 | IceCv    | Got a pair of ichor-stained boots
 14848 | IceCv    | Identified the +1 pair of boots of the Kettle-Drum {MP+9} (You found it in an ice cave)
 15331 | Lair:6   | Reached skill level 5 in Shields
 15376 | Lair:6   | Gained mutation: Your large and strong wings let you fly indefinitely. [Gargoyle growth]
 15376 | Lair:6   | Reached XP level 14. HP: 92/92 MP: 14/14
 15394 | Lair:6   | Reached skill level 16 in Maces & Flails
 15824 | Lair:6   | Found a dark tunnel.
 15834 | Volcano  | Entered a volcano
 16040 | Volcano  | Found a bloodstained altar of Trog.
 16042 | Volcano  | Reached ****** piety under Qazlal
 16191 | Lair:6   | Found a staircase to the Slime Pits.
 16191 | Lair:6   | Found a viscous altar of Jiyva.
 16608 | Lair:7   | Reached skill level 1 in Invocations
 17938 | Lair:8   | Entered Level 8 of the Lair of Beasts
 17942 | Lair:8   | Reached skill level 5 in Invocations
 17952 | Lair:8   | Reached XP level 15. HP: 91/99 MP: 18/18
 18219 | Lair:8   | Reached skill level 17 in Maces & Flails
 18265 | Lair:8   | Found a burning altar of Makhleb.
 18277 | Lair:8   | Cast into level 2 of the Abyss (a wizard)
 18277 | Abyss:2  | Found a corrupted altar of Lugonu.
 18648 | Abyss:2  | Noticed a bone dragon
 18671 | Abyss:2  | Killed a bone dragon
 18718 | Lair:8   | Escaped the Abyss
 18775 | Lair:8   | Found a gateway to Hell.
 19762 | D:9      | Got a transparent morningstar
 19765 | D:9      | Identified the cursed +1 morningstar of Causality {flame, Dex+5} (You found it on level 9 of the Dungeon)
 20055 | D:10     | Entered Level 10 of the Dungeon
 20072 | D:10     | Noticed Sonja
 20076 | D:10     | Killed Sonja
 20192 | D:10     | Found a staircase to the Orcish Mines.
 20579 | D:10     | Found a blossoming altar of Fedhas.
 21033 | Orc:1    | Entered Level 1 of the Orcish Mines
 21033 | Orc:1    | Noticed Snorg
 21063 | Orc:1    | Killed Snorg
 21077 | Orc:1    | Paralysed by an orc sorcerer for 5 turns
 21315 | Orc:2    | Entered Level 2 of the Orcish Mines
 21315 | Orc:2    | Found a staircase to the Elven Halls.
 21733 | Orc:2    | HP: 4/100 [orc high priest/divine providence (14)]
 21753 | Orc:1    | HP: 4/100 [orc priest/divine providence (13)]
 22702 | Orc:2    | Found Boloi's Jewellery Boutique.
 22702 | Orc:2    | Found Revaq's Antique Armour Boutique.
 22703 | Orc:2    | Found Zutas's General Store.
 22709 | Orc:2    | Found Ukul's Gadget Shop.
 22752 | Orc:2    | Bought the ring of Conversion {rC+ MR+} for 413 gold pieces
 22752 | Orc:2    | Bought a +3 ring of slaying for 495 gold pieces
 22793 | Orc:2    | Reached XP level 16. HP: 105/105 MP: 22/22
 22917 | D:11     | Noticed Grum
 22926 | D:11     | Killed Grum
 23203 | D:11     | Noticed Erolcha
 23210 | D:11     | Killed Erolcha
 23650 | D:11     | Found a deep blue altar of Sif Muna.
 24431 | D:13     | Found a gate to the Vaults.
 24442 | D:12     | Reached skill level 10 in Invocations
 24618 | D:13     | Reached skill level 18 in Maces & Flails
 24903 | D:13     | Noticed Nessos
 24916 | D:13     | Killed Nessos
 25765 | D:14     | Noticed Azrael
 25795 | D:14     | Killed Azrael
 25931 | D:14     | Found a blossoming altar of Fedhas.
 26234 | D:15     | Entered Level 15 of the Dungeon
 26393 | D:15     | Found a staircase to the Depths.
 26452 | D:15     | Reached XP level 17. HP: 112/112 MP: 25/25
 26531 | D:15     | Noticed Roxanne
 26563 | D:15     | Killed Roxanne
 26806 | D:15     | Reached skill level 10 in Shields
 26872 | D:15     | Got a faintly glowing cloak
 26883 | D:15     | Identified the +0 cloak of the Elven Halls {rC+ Int+2} (You acquired it on level 15 of the Dungeon)
 27193 | D:15     | Found a bloodstained altar of Trog.
 27655 | Snake:1  | Entered Level 1 of the Snake Pit
 27854 | Snake:1  | Found an opulent altar of Gozag.
 28184 | Snake:2  | Noticed CrazyArbalest's ghost (adept MiHu)
 28199 | Snake:2  | Killed CrazyArbalest's ghost
 29188 | Snake:3  | Reached skill level 15 in Armour
 29214 | Snake:3  | Reached skill level 15 in Fighting
 29230 | Snake:3  | Reached skill level 19 in Maces & Flails
 29721 | Snake:3  | Reached XP level 18. HP: 112/119 MP: 21/27
 29815 | Snake:3  | Got a pair of faintly humming gloves
 29821 | Snake:3  | Identified the +2 pair of gloves "Sommikao" {rC+} (You acquired it on level 3 of the Snake Pit)
 30114 | Snake:4  | Entered Level 4 of the Snake Pit
 30200 | Snake:4  | Found an oddly glowing altar of Pakellas.
 30258 | Snake:4  | Noticed Vashnia
 30432 | Snake:4  | Killed Vashnia
 30800 | Snake:4  | Reached XP level 19. HP: 125/125 MP: 29/29
 30863 | Snake:4  | Got a serpentine rune of Zot
 31108 | Swamp:1  | Entered Level 1 of the Swamp
 31129 | Swamp:1  | Noticed ilikecats's ghost (journeyman SpEn)
 31143 | Swamp:1  | Killed ilikecats's ghost
 32029 | Swamp:2  | Noticed Jorgrun
 32033 | Swamp:2  | Reached skill level 20 in Maces & Flails
 32046 | Swamp:2  | Noticed Frances
 32047 | Swamp:2  | Killed Jorgrun
 32066 | Swamp:2  | Killed Frances
 33091 | Swamp:3  | Got a bloodstained cloak
 33102 | Swamp:3  | Identified the -5 cloak of the Clam {rPois rF+ Str+4} (You acquired it on level 3 of the Swamp)
 33333 | Swamp:4  | Entered Level 4 of the Swamp
 33530 | Swamp:4  | Noticed the 27-headed Lernaean hydra
 33537 | Swamp:4  | Killed the 27-headed Lernaean hydra
 33641 | Swamp:4  | Noticed Nikola
 33658 | Swamp:4  | Killed Nikola
 33676 | Swamp:4  | Got a pitted morningstar {elec}
 33710 | Swamp:4  | Got a decaying rune of Zot
 33727 | Swamp:4  | Identified the +6 morningstar "Wonem" {elec, rF+ MR++} (You took it off Nikola on level 4 of the Swamp)
 34176 | Vaults:1 | Entered Level 1 of the Vaults
 34185 | Vaults:1 | Reached skill level 15 in Invocations
 34305 | Vaults:1 | Found Egyt's Armour Shoppe.
 34380 | Vaults:1 | Reached XP level 20. HP: 132/132 MP: 31/31
 35543 | Vaults:1 | Cast into level 2 of the Abyss (a deep elf sorcerer)
 35872 | Vaults:1 | Escaped the Abyss
 36765 | Vaults:2 | Noticed Norris
 36779 | Vaults:1 | Reached skill level 21 in Maces & Flails
 36849 | Vaults:2 | Noticed a Brimstone Fiend
 37355 | Vaults:2 | Killed Norris
 37355 | Vaults:2 | Reached XP level 21. HP: 139/139 MP: 14/33
 37568 | Vaults:2 | Noticed Wiglaf
 37591 | Vaults:2 | Killed Wiglaf
 38103 | Vaults:2 | Found a staircase to the Crypt.
 38525 | Vaults:3 | Found a sparkling altar of Nemelex Xobeh.
 38647 | Vaults:3 | Found Hufyfani's Armour Shop.
 38940 | Vaults:3 | Found Myuxut's Distillery.
 38949 | Vaults:3 | Bought a potion of haste for 160 gold pieces
 38949 | Vaults:3 | Bought a potion of cure mutation for 400 gold pieces
 38949 | Vaults:3 | Bought a potion of haste for 160 gold pieces
 38949 | Vaults:3 | Bought a potion of curing for 48 gold pieces
 38949 | Vaults:3 | Bought a potion of curing for 48 gold pieces
 38949 | Vaults:3 | Bought a potion of beneficial mutation for 560 gold pieces
 38955 | Vaults:3 | Gained mutation: You have a pair of small antennae on your head. [potion of beneficial mutation]
 39374 | Vaults:3 | Found Raebbyps's Assorted Antiques.
 39411 | Vaults:3 | Bought a scroll labeled HAUMUCASEY for 41 gold pieces
 39411 | Vaults:3 | Bought a scroll labeled HAUMUCASEY for 41 gold pieces
 39411 | Vaults:3 | Bought a potion of heal wounds for 205 gold pieces
 39967 | Vaults:3 | Found Cebaud's General Store.
 39976 | Vaults:3 | Bought a scroll of blinking for 105 gold pieces
 40330 | Vaults:4 | Paralysed by an orc sorcerer for 2 turns
 40480 | Vaults:4 | Noticed Saint Roka
 40506 | Vaults:4 | Killed Saint Roka
 40806 | Vaults:4 | Upgraded the game from 0.18.1-6-gd335043 to 0.18.1-8-gdd0e5ea
 40823 | Vaults:4 | Noticed Xtahua
 40836 | Vaults:4 | Killed Xtahua
 40836 | Vaults:4 | Reached XP level 22. HP: 68/147 MP: 28/34
 41622 | Vaults:4 | Reached skill level 22 in Maces & Flails
 41681 | Vaults:4 | Noticed Frederick
 41696 | Vaults:4 | Killed Frederick
 42218 | Depths:1 | Entered Level 1 of the Depths
 42293 | Depths:1 | Reached skill level 15 in Shields
 42608 | Depths:1 | Found a portal to a secret trove of treasure.
 43085 | Depths:2 | Found a glowing silver altar of Zin.
 43290 | Depths:2 | Found a shattered altar of Ashenzari.
 44382 | Depths:3 | Reached XP level 23. HP: 155/155 MP: 36/36
 44503 | Depths:3 | Found a one-way gate to the infinite horrors of the Abyss.
 44595 | Depths:3 | Found a one-way gate leading to the halls of Pandemonium.
 44668 | Depths:3 | Noticed Asterion
 44683 | Depths:3 | Killed Asterion
 44817 | Depths:3 | Noticed the Enchantress
 44860 | Depths:3 | Killed the Enchantress
 44882 | Depths:3 | Got a faerie dragon armour
 45335 | Depths:3 | Found an iron altar of Okawaru.
 45642 | Depths:4 | Paralysed by a sphinx for 5 turns
 45878 | Depths:4 | Noticed Louise
 45909 | Depths:4 | Killed Louise
 46071 | Depths:4 | Paralysed by a vampire knight for 7 turns
 46086 | Depths:4 | Paralysed by something for 7 turns
 46223 | Depths:4 | Reached skill level 23 in Maces & Flails
 46223 | Depths:4 | Reached XP level 24. HP: 163/163 MP: 36/36
 46958 | Depths:5 | Entered Level 5 of the Depths
 46983 | Depths:5 | Noticed a juggernaut
 47082 | Depths:4 | Killed a juggernaut
 47522 | Depths:5 | Found a gate to the Realm of Zot.
 47767 | Depths:5 | Got a fine great mace
 47768 | Depths:5 | Identified the +0 great mace of an ossuary {speed, rN+++ MR+ MP-9 Int-3} (You found it on level 5 of the Depths)
 47778 | Depths:5 | Found a gateway to a ziggurat.
 48350 | Elf:1    | Entered Level 1 of the Elven Halls
 48400 | Elf:1    | Found a radiant altar of Vehumet.
 49281 | Elf:2    | Reached XP level 25. HP: 171/171 MP: 37/37
 49358 | Elf:2    | Found Eqei's Jewellery Boutique.
 49449 | Elf:2    | Bought the brooch of Shielding {Reflect SH+8} for 448 gold pieces
 49597 | Elf:2    | Found a runed gate.
 49606 | Elf:2    | Found a runed gate.
 49609 | Elf:2    | Found a runed gate.
 50282 | Elf:3    | Entered Level 3 of the Elven Halls
 50282 | Elf:3    | Noticed Aizul
 50292 | Elf:3    | Killed Aizul
 50366 | Elf:3    | Cast into level 3 of the Abyss (a deep elf demonologist)
 50389 | Elf:3    | Escaped the Abyss
 50515 | Elf:3    | Found Wowimoull's Book Shoppe.
 50959 | Elf:3    | Reached skill level 24 in Maces & Flails
 51007 | Elf:3    | Cast into level 3 of the Abyss (a deep elf sorcerer)
 51477 | Abyss:3  | Paralysed by accursed screaming for 1 turns
 51484 | Abyss:3  | Paralysed by accursed screaming for 1 turns
 51521 | Abyss:3  | Got an abyssal rune of Zot
 51586 | Elf:3    | Escaped the Abyss
 52226 | Elf:3    | Got a twitching jade ring
 52524 | Vaults:3 | You are sucked into a shaft!
 52555 | Vaults:5 | Entered Level 5 of the Vaults
 52556 | Vaults:5 | Reached XP level 26. HP: 178/178 MP: 37/37
 52575 | Vaults:5 | Noticed an ancient lich
 52613 | Vaults:5 | Killed an ancient lich
 53212 | Vaults:4 | Reached skill level 25 in Maces & Flails
 53682 | Vaults:5 | Found Daefonir's Armour Shop.
 53688 | Vaults:5 | Identified Wyewirch's Disquisition on Clay and Toxins
 53711 | Vaults:5 | Got a heavily runed diamond amulet
 53866 | Vaults:5 | Identified the ring "Jekestrem" {Wiz rPois rF+} (You took it off a deep elf demonologist on level 3 of the Elven Halls)
 53867 | Vaults:5 | Identified the amulet "Nuliroo" {Inacc rC++} (You found it on level 5 of the Vaults)
 53923 | Vaults:5 | Got a silver rune of Zot
 54376 | Crypt:1  | Entered Level 1 of the Crypt
 54399 | Crypt:1  | Noticed Margery
 54430 | Crypt:1  | Reached XP level 27. HP: 184/184 MP: 38/38
 54455 | Crypt:1  | Killed Margery
 54827 | Crypt:1  | Noticed a greater mummy
 54828 | Crypt:1  | Noticed Khufu
 54829 | Crypt:1  | Noticed a greater mummy
 54829 | Crypt:1  | Noticed a greater mummy
 54840 | Crypt:1  | Killed a greater mummy
 54840 | Crypt:1  | Killed Khufu
 54860 | Crypt:1  | Killed a greater mummy
 54866 | Crypt:1  | Killed a greater mummy
 56161 | Crypt:2  | Noticed Boris
 56204 | Crypt:2  | Killed Boris
 56509 | Crypt:2  | Found an ancient bone altar of Kikubaaqudgha.
 56568 | Crypt:3  | Entered Level 3 of the Crypt
 57170 | Crypt:3  | Cast into level 3 of the Abyss (a lich)
 57193 | Crypt:3  | Escaped the Abyss
 57298 | Crypt:3  | Noticed an ancient lich
 57311 | Crypt:3  | Killed an ancient lich
 57315 | Crypt:3  | Found a basalt altar of Yredelemnul.
 57543 | Crypt:3  | Found a staircase to the Tomb.
 58229 | Slime:1  | Entered Level 1 of the Pits of Slime
 58251 | Slime:1  | Gained mutation: Scrolls take you a little longer to read. [a shining eye]
 58254 | Slime:1  | Gained mutation: Your magical capacity is low (-10% MP). [a shining eye]
 58255 | Slime:1  | Gained mutation: Armour fits poorly on your strangely shaped body. [a shining eye]
 58264 | Slime:2  | Gained mutation: You expend magic power (3 MP) to strengthen your wands. [a shining eye]
 58282 | Slime:5  | Noticed Dissolution
 58303 | Slime:5  | Killed Dissolution
 58343 | Slime:6  | Entered Level 6 of the Pits of Slime
 58364 | Slime:6  | Noticed the Royal Jelly
 58367 | Slime:6  | Killed the Royal Jelly
 58367 | Slime:6  | Reached skill level 26 in Maces & Flails
 58482 | Slime:6  | HP: 8/186 [acid (6)]
 58485 | Slime:6  | Blown up by an eye of devastation

Skill      XL: |  1  2  3  4  5  6  7  8  9 10 11 12 13 14 15 16 17 18 19 20 21 22 23 24 25 26 27 |
---------------+----------------------------------------------------------------------------------+-----
Armour         | 1 2 3 4 5 7 8 10 11 12 13 14 15 16 17 18 19 20 | 20.8
Maces & Flails | 5 6 8 10 11 13 14 15 16 17 18 19 20 21 22 23 24 25 26 | 26.0
Fighting       | 3 4 5 6 7 9 10 11 12 13 14 15 16 17 18 19 20 21 22 | 22.8
Shields        | 2 5 7 8 9 11 12 13 14 15 16 17 18 19 | 19.1
Invocations    | 5 8 10 12 13 15 16 17 18 19 20 21 22 23 | 23.6
Throwing       | |  1.7
Dodging        | |  2.4

Action                   |  1- 3 |  4- 6 |  7- 9 | 10-12 | 13-15 | 16-18 | 19-21 | 22-24 | 25-27 || total
-------------------------+-------+-------+-------+-------+-------+-------+-------+-------+-------++-------
Melee: Flail             |    93 |   205 |   210 |   399 |       |       |       |       |       ||   907
       Morningstar       |       |       |   273 |       |       |       |       |       |       ||   273
       Eveningstar       |       |       |       |    43 |  1446 |  1385 |  1930 |  1654 |  2191 ||  8649
Invok: Upheaval          |       |       |     2 |     5 |     3 |     1 |     4 |     2 |     3 ||    20
       Elemental Force   |       |       |     1 |     2 |       |       |       |       |       ||     3
       Disaster Area     |       |       |       |       |     1 |     5 |     7 |     7 |    14 ||    34
 Abil: Fly               |       |       |       |       |     1 |       |     1 |       |       ||     2
  Use: Potion            |     1 |       |     4 |     3 |     1 |       |     5 |     2 |    32 ||    48
       Scroll            |       |       |    14 |    12 |    14 |    14 |    14 |     4 |    22 ||    94
 Stab: Invisible         |     1 |       |       |       |       |       |       |       |     9 ||    10
       Distracted        |       |       |       |       |       |       |       |     1 |       ||     1
  Eat: Chunk             |       |     6 |     7 |     9 |     6 |     3 |       |     1 |       ||    32
       Fruit             |       |       |     9 |    10 |    14 |       |       |    15 |     9 ||    57
       Royal jelly       |       |       |     2 |       |     1 |     2 |       |       |       ||     5
       Bread ration      |       |       |       |     1 |     1 |     1 |     4 |     2 |     4 ||    13
       Beef jerky        |       |       |       |       |     2 |     6 |       |       |     2 ||    10
       Pizza             |       |       |       |       |       |     1 |     3 |     2 |     1 ||     7
       Meat ration       |       |       |       |       |       |     1 |     2 |       |       ||     3
Armor: Leather armour    |    43 |       |       |       |       |       |       |       |       ||    43
       Scale mail        |       |   177 |   295 |       |       |       |       |       |       ||   472
       Plate armour      |       |       |    18 |   204 |   334 |   346 |   620 |   416 |   228 ||  2166
       Chain mail        |       |       |       |    92 |       |       |       |       |       ||    92
       Crystal plate arm |       |       |       |       |       |       |       |       |   270 ||   270
       Skin              |       |       |       |       |       |       |       |       |    12 ||    12
Dodge: Dodged            |    74 |   167 |   243 |   118 |   148 |   150 |   280 |   172 |   179 ||  1531
       Deflected         |       |       |       |     5 |    15 |    30 |    19 |    30 |    35 ||   134
Block: Other             |       |     2 |    60 |    85 |       |       |       |       |       ||   147
       Large shield      |       |       |       |    29 |  1354 |  1686 |  2064 |  1582 |  2321 ||  9036
       Reflection        |       |       |       |       |    26 |   204 |    93 |   158 |    81 ||   562
